 Dungeon Crawl Stone Soup version 0.25.0-9-g26727b6 (webtiles) character file.

Game seed: 6578255503261402917

108 Brutalitops the Changer (level 4, -8/25 HPs)
             Began as a Deep Elf Transmuter on June 20, 2020.
             Killed by divine providence
             ... invoked by an orc priest
              (13 damage)
             ... on level 3 of the Dungeon.
             The game lasted 00:17:23 (3372 turns).

Brutalitops the Changer (Deep Elf Transmuter)       Turns: 3372, Time: 00:17:23

Health: -8/25      AC:  2    Str:  7    XL:     4   Next: 58%
Magic:  6/10       EV: 21    Int: 19    God:
Gold:   122        SH:  0    Dex: 20    Spells: 3/9 levels left

rFire    . . .     SeeInvis .     - Unarmed
rCold    . . .     Gourm    .   (shield currently unavailable)
rNeg     . . .     Faith    .   (armour currently unavailable)
rPois    x         Spirit   .   (helmet currently unavailable)
rElec    .         Reflect  .   (cloak currently unavailable)
rCorr    +         Harm     .   (gloves currently unavailable)
MR       .....                  (boots currently unavailable)
Stlth    ++........             o - amulet of magic regeneration
HPRegen  0.08/turn              h - ring of resist corrosion
MPRegen  0.37/turn              (no ring)

@: lethally poisoned (-8 -> -11), spider-form, very slightly contaminated
A: tiny
a: End Transformation


You were on level 3 of the Dungeon.
You were not hungry.
You were a venomous arachnid creature.
You visited 1 branch of the dungeon, and saw 3 of its levels.

You collected 122 gold pieces.

Inventory:

Missiles
 a - 38 arrows
 m - 14 poisoned darts (quivered)
Armour
 b - a +0 robe (melded)
 i - a +0 pair of boots (melded)
 q - a +2 helmet
Jewellery
 h - a ring of resist corrosion (left front leg)
 o - an amulet of magic regeneration (around neck)
Potions
 c - 2 potions of curing {unknown}
 e - a potion of brilliance {unknown}
 j - a potion of degeneration {unknown}
 k - 3 potions of lignification
 l - a potion of mutation {unknown}
 n - a potion of ambrosia {unknown}
 p - a potion of stabbing {unknown}
Comestibles
 d - 2 rations
 f - 3 chunks of flesh


   Skills:
 * Level 1.2 Fighting
 * Level 2.8 Dodging
 * Level 2.9 Unarmed Combat
 - Level 3.0 Spellcasting
 + Level 4.5 Transmutations


You had 3 spell levels left.
You knew the following spells:

 Your Spells              Type           Power        Failure   Level  Hunger
a - Beastly Appendage     Tmut           ###...       9%          1    None
b - Spider Form           Tmut/Pois      ##........   38%         3    ###....
c - Sticks to Snakes      Tmut           ###.....     12%         2    ##.....

Your spell library contained the following spells:

 Spells                   Type           Power        Failure   Level  Hunger
 Ice Form                 Ice/Tmut       ##......     73%         4    ####...
 Blade Hands              Tmut           ###.......   75%         5    ######.


Dungeon Overview and Level Annotations

Branches:
Dungeon (3/15)

Altars:


Message History

Casting: Spider Form (extremely dangerous; 19% risk of failure)
Confirm with . or Enter, or press ? or * to list all spells.
The spell is extremely dangerous to cast (19% risk of failure)!
Continue anyway?
You turn into a venomous arachnid creature.
Your +0 pair of boots melds into your body.
Your +0 robe melds into your body.
You hit the orc.
The orc is poisoned.
The orc is moderately wounded.
The orc misses you.
The orc priest invokes the aid of Beogh against you.
Beogh smites you!
* * * LOW HITPOINT WARNING * * *
You hit the orc but do no damage.
The orc looks as sick as possible!
The orc is severely wounded.
You feel sick.
You kill the orc!
The orc priest calls down the wrath of Beogh upon you.
Beogh smites you!
Ouch! That really hurt!
You die...

######w.#.#
#.........#
############.#####...#
.................(..o#
############.######..#
#.# .># #.# .#
#.######.# #....s.o.#
##########


You could see an orc priest.

Vanquished Creatures
  Terence (D:2)
  An orc wizard (D:3)
  An adder (D:2)
  An ooze (D:1)
  A worm (D:2)
  A dart slug (D:2)
  3 leopard geckos
  An orc (D:3)
  A giant cockroach (D:1)
  3 goblins
  9 hobgoblins
  2 kobolds (D:1)
  A quokka (D:2)
  A ball python (D:3)
  4 bats
  3 frilled lizards
  7 rats
41 creatures vanquished.

Vanquished Creatures (collateral kills)
  A worm (D:3)
1 creature vanquished.

Grand Total: 42 creatures vanquished

Notes
Turn   | Place    | Note
-------+----------+-------------------------------------------
     0 | D:1      | Brutalitops the Deep Elf Transmuter began the quest for the
                  | Orb.
     0 | D:1      | Reached XP level 1. HP: 11/11 MP: 6/6
   594 | D:1      | Reached skill level 3 in Transmutations
   594 | D:1      | Reached XP level 2. HP: 11/16 MP: 8/8
  2303 | D:2      | Reached XP level 3. HP: 17/20 MP: 7/9
  2308 | D:2      | Learned a level 3 spell: Spider Form
  2311 | D:2      | Learned a level 2 spell: Sticks to Snakes
  2417 | D:2      | Reached skill level 4 in Transmutations
  2479 | D:2      | Noticed Terence
  2500 | D:2      | Killed Terence
  2500 | D:2      | Reached skill level 1 in Fighting
  2657 | D:2      | Reached XP level 4. HP: 25/25 MP: 8/10
  3372 | D:3      | Killed from afar by an orc priest

Illustrated notes

Levels and vault maps discovered:
D:1:      dpeg_arrival_water_fire, layout_basic, serial_bayou_pond_a
D:2:      layout_loops_ring, kennysheep_generic_room_14, uniq_terence
D:3:      layout_basic, uniq_purgy, uniq_ijyb

Skill      XL: |  1  2  3 |
---------------+----------+-----
Transmutations | 3 4 |  4.5
Fighting       | 1 |  1.2
Dodging        | |  2.8
Unarmed Combat | |  2.9
Spellcasting   | |  3.0

Action                   |  1- 3 |  4- 6 || total
-------------------------+-------+-------++-------
Melee: Unarmed           |   123 |    30 ||   153
       Kick              |     5 |       ||     5
       Headbutt          |    11 |     4 ||    15
       Punch             |     3 |       ||     3
Throw: Dart              |    19 |       ||    19
 Cast: Beastly Appendage |    26 |     8 ||    34
       Sticks to Snakes  |     3 |     1 ||     4
       Spider Form       |     2 |     2 ||     4
  Use: Scroll            |     7 |     4 ||    11
 Stab: Sleeping          |       |     2 ||     2
  Eat: Chunk             |     2 |     3 ||     5
       Ration            |     1 |       ||     1
Armor: Robe              |    14 |     6 ||    20
       Skin              |       |     1 ||     1
Dodge: Dodged            |    65 |    22 ||    87
